 Dungeon Crawl Stone Soup version 0.29-a0-1009-g60c99734e7 (webtiles) character file.

Game seed: 11521563700478968546

2580 MudFish the Carver (level 9, -6/64 HPs)
             Began as a Human Monk on Aug 1, 2022.
             Was a High Priest of the Shining One.
             Killed from afar by an efreet (29 damage)
             ... with a bolt of fire
             ... on level 8 of the Dungeon on Aug 8, 2022.
             The game lasted 00:17:25 (9985 turns).

MudFish the Carver (Human Monk)                     Turns: 9985, Time: 00:17:25

Health: -6/64      AC: 11    Str: 27      XL:     9   Next: 88%
Magic:  13/13      EV: 15    Int:  7 (8)  God:    the Shining One [*****.]
Gold:   250        SH:  0    Dex: 17      Spells: 8/8 levels left

rFire   . . .      SeeInvis .   A - +1 great sword
rCold   . . .      Faith    .   (shield currently unavailable)
rNeg    + + .      Spirit   .   v - +0 steam dragon scales
rPois   +          Reflect  .   (no helmet)
rElec   .          Harm     .   u - +1 cloak
rCorr   .          Rampage  .   t - +0 pair of gloves
Will    +....                   j - +0 pair of boots
Stlth   +.........              (no amulet)
HPRegen 0.20/turn               h - +6 ring of strength
MPRegen 0.13/turn               i - +6 ring of strength

@: glowing
A: deterioration 1, dopey 1, strong-willed 1, poison resistance
a: Renounce Religion, Divine Shield, Cleansing Flame, Summon Divine Warrior


You were on level 8 of the Dungeon.
You worshipped the Shining One.
The Shining One was extremely pleased with you.
You visited 1 branch of the dungeon, and saw 8 of its levels.
You also visited: Ossuary.

You collected 347 gold pieces.
You spent 97 gold pieces at shops.

Inventory:

Hand Weapons
 a - a +1 falchion
 n - a +2 falchion of holy wrath
 q - a +0 shortbow
 s - a +0 long sword
 A - a +1 great sword (weapon)
 E - a +2 vorpal halberd
 F - a +2 spear of freezing
Missiles
 g - 81 stones (quivered)
 l - 3 throwing nets
 m - 5 poisoned darts
Armour
 b - a +0 robe
 j - a +0 pair of boots (worn)
 k - a +0 ring mail
 t - a +0 pair of gloves (worn)
 u - a +1 cloak (worn)
 v - +0 steam dragon scales (worn)
Jewellery
 d - a ring of fire
 h - a +6 ring of strength (left hand)
 i - a +6 ring of strength (right hand)
 p - a ring of see invisible
Wands
 y - a wand of digging (11)
 C - a wand of iceblast (8)
Scrolls
 w - a scroll of poison
 x - 3 scrolls of amnesia
 B - a scroll of fear
 D - 4 scrolls of identify
 G - a scroll of immolation {unknown}
Potions
 c - 3 potions of ambrosia
 e - 2 potions of degeneration
 f - a potion of attraction
 o - a potion of curing
 r - a potion of lignification
 z - a potion of flight


   Skills:
 - Level 3.2 Fighting
 * Level 8.6 Long Blades
 * Level 6.4 Armour
 - Level 5.5 Dodging
 - Level 2.0 Stealth
 + Level 5.8 Invocations


You had 8 spell levels left.
You didn't know any spells.
Your spell library contained the following spells:

 Spells                   Type           Power      Damage    Failure   Level
 Foxfire                  Conj/Fire      0%         2x1d4     43%         1
 Conjure Flame            Conj/Fire      0%         6-21      80%         3
 Inner Flame              Hex/Fire       0%         N/A       80%         3
 Flame Wave               Conj/Fire      0%         2d4       99%         4


Dungeon Overview and Level Annotations

Branches:
Dungeon (8/15)             Temple (0/1) D:5         Ossuary (visited)
   Lair: D:8-11

Altars:
Cheibriados
Dithmenos
Hepliaklqana
Uskayaw
Wu Jian
The Shining One

Shops:
D:7 ?


Innate Abilities, Weirdness & Mutations

Your body sometimes deteriorates upon taking damage.
You are dopey. (Int -2)
You are strong-willed. (Will+)
Your system is resistant to poisons. (rPois)


Message History

The shadow imp is almost dead.
The shadow imp gestures at you.
You easily resist.
You slash the shadow imp!
You kill the shadow imp!
The Shining One accepts your kill.
You feel better.
No target in view!
No target in view!
No target in view!
No target in view!
An efreet comes into view.
It is wielding a +0 scimitar of flaming.
Found 10 gold pieces.
Found a stone staircase leading down.
An efreet is nearby!
No reachable target in view!
An efreet is nearby!
An ice beast comes into view.
Found 11 gold pieces.
The ice beast hits you but does no damage.
You slice the ice beast!!
The ice beast is severely wounded.
The ice beast closely misses you.
You slash the ice beast!
You kill the ice beast!
You feel your dexterity returning. The efreet attacks as you move away!
The efreet misses you. The efreet gestures at you. The bolt of fire hits you!
Your body deteriorates!
You feel dopey. The efreet gestures at you.
The fireball explodes!
The fireball engulfs you!!
Ouch! That really hurt!
* * * LOW HITPOINT WARNING * * *
A gargoyle comes into view. It is wielding a +0 mace.
Found a shiny plate armour.
Unknown command.
You feel better. The efreet gestures at you. The bolt of fire hits you!!
You die...

#.# # #.# #> #.# .#..
#.# #...# ### #.# #.#
##...## ##.## #.# #.#
.......##...## #.# #.#
####.........# #.# #.#
...###.@....## #.# #.#
.....#.R.#.## #.# #.#
.....##.☼#.# #.# #.#
###...#..#.#####.###.#
..#...#.°#...........#
[9#...#..######.######
......#..# #.#
.#..#....# #.#
#..#.$..# #.#


You could see an efreet and a gargoyle.

Vanquished Creatures
  Grinder (D:6)
  A wyvern (D:8)
  A steam dragon (D:6)
  3 ice beasts
  2 black bears (D:5)
  A centaur (D:6)
  A phantom (D:5)
  2 gnoll sergeants
  3 scorpions
  5 wights (D:6)
  2 jellies
  4 hounds
  Crazy Yiuf (D:5)
  An orc priest (D:5)
  4 iguanas
  7 orc wizards
  14 mummies (Ossuary)
  8 gnolls
  4 adders
  A shadow imp (D:8)
  3 ufetubi
  A worm (D:4)
  2 dart slugs
  23 orcs
  8 endoplasms
  3 giant cockroaches (D:1)
  4 goblins
  15 hobgoblins
  2 quokkas
  6 ball pythons
  5 bats
  A frilled lizard (D:3)
  3 gnoll skeletons (Ossuary)
  2 goblin skeletons (Ossuary)
  2 kobolds
  2 kobold skeletons (Ossuary)
  An orc skeleton (Ossuary)
  4 rats (D:1)
  11 rat skeletons (Ossuary)
164 creatures vanquished.

Vanquished Creatures (others)
  A dart slug (D:5)
1 creature vanquished.

Grand Total: 165 creatures vanquished

Notes
Turn   | Place    | Note
-------+----------+-------------------------------------------
     0 | D:1      | MudFish the Human Monk began the quest for the Orb.
     0 | D:1      | Reached XP level 1. HP: 18/18 MP: 1/1
   224 | D:1      | Reached XP level 2. HP: 24/24 MP: 2/2
   270 | D:1      | Found a faded altar of an unknown god.
   281 | D:1      | Prayed at the altar of an unknown god.
   281 | D:1      | Became a worshipper of the Shining One
   281 | D:1      | Reached * piety under the Shining One
   281 | D:1      | Reached ** piety under the Shining One
   551 | D:1      | Reached *** piety under the Shining One
   563 | D:1      | Reached XP level 3. HP: 25/29 MP: 3/3
  1833 | D:3      | Reached XP level 4. HP: 35/35 MP: 4/4
  2402 | D:3      | Found a hazy altar of Hepliaklqana.
  2760 | D:4      | Reached skill level 4 in Long Blades
  2760 | D:4      | Reached skill level 1 in Invocations
  2819 | D:4      | Reached XP level 5. HP: 38/41 MP: 5/5
  2855 | D:4      | Reached XP level 6. HP: 15/47 MP: 5/7
  3903 | D:5      | Entered Level 5 of the Dungeon
  3903 | D:5      | Found a sand-covered staircase.
  3916 | Ossuary  | Entered an ossuary
  4344 | Ossuary  | Reached **** piety under the Shining One
  4357 | Ossuary  | Reached skill level 5 in Dodging
  4401 | Ossuary  | Reached skill level 5 in Long Blades
  4598 | Ossuary  | Reached XP level 7. HP: 40/52 MP: 8/8
  4810 | D:5      | Found a staircase to the Ecumenical Temple.
  5275 | D:5      | Reached ***** piety under the Shining One
  5329 | D:5      | Reached skill level 1 in Armour
  5636 | D:5      | Reached skill level 6 in Long Blades
  5636 | D:5      | Reached XP level 8. HP: 58/58 MP: 10/10
  5734 | D:5      | Found a runed translucent door.
  5735 | D:5      | Noticed Crazy Yiuf
  5747 | D:5      | Killed Crazy Yiuf
  6330 | D:5      | Found a hide-covered altar of Uskayaw.
  6381 | D:5      | Gained mutation: Your system is resistant to poisons.
                  | (rPois) [potion of mutation]
  6381 | D:5      | Gained mutation: You have a pair of small horns on your
                  | head. [potion of mutation]
  6381 | D:5      | Gained mutation: You have hidden genetic defects. [potion
                  | of mutation]
  6623 | D:6      | Noticed Grinder
  6634 | D:6      | Paralysed by Grinder for 3 turns
  6643 | D:6      | Paralysed by Grinder for 2 turns
  6646 | D:6      | Killed Grinder
  6651 | D:6      | Reached skill level 7 in Long Blades
  6669 | D:6      | Gained mutation: Your body sometimes deteriorates upon
                  | taking damage. [hidden defects]
  7148 | D:6      | Reached XP level 9. HP: 39/64 MP: 12/12
  7160 | D:6      | Gained mutation: You occasionally lose the ability to drink
                  | potions when taking damage. [hidden defects]
  7160 | D:6      | Lost mutation: You have hidden genetic defects. [hidden
                  | defects expressed]
  7606 | D:6      | Found an ornate altar of the Wu Jian Council.
  7787 | D:6      | Reached skill level 5 in Armour
  7842 | D:6      | Found a snail-covered altar of Cheibriados.
  7844 | D:6      | Found a shadowy altar of Dithmenos.
  7920 | D:6      | Reached skill level 5 in Invocations
  8231 | D:6      | Reached skill level 8 in Long Blades
  8422 | D:6      | Upgraded the game from 0.29-a0-982-gaed3a0c8d8 to
                  | 0.29-a0-1009-g60c99734e7
  8622 | D:7      | Found Jeoqysoh's Magic Scroll Shop.
  9131 | D:7      | Lost mutation: You occasionally lose the ability to drink
                  | potions when taking damage. [potion of mutation]
  9131 | D:7      | Lost mutation: You have a pair of small horns on your head.
                  | [potion of mutation]
  9131 | D:7      | Gained mutation: You are strong-willed. (Will+) [potion of
                  | mutation]
  9131 | D:7      | Gained mutation: You are dopey. (Int -2) [potion of
                  | mutation]
  9132 | D:7      | Bought a scroll of enchant weapon for 97 gold pieces
  9971 | D:8      | Noticed an efreet
  9984 | D:8      | Noticed a gargoyle
  9985 | D:8      | Killed from afar by an efreet

Illustrated notes

Levels and vault maps discovered:
D:1:      heliophobic_arrival_dark_side_of_the_moon, layout_basic,
          basic_ecumenical_altar, minmay_liquid_box, minmay_misc_feat_doors
D:2:      layout_loops_ring
D:3:      layout_basic, nicolae_hepliaklqana_hippocampus,
          ebering_dispersal_statue_hall, minmay_crystal_water, minivault_5
D:4:      layout_basic
D:5:      layout_gridville, nicolae_uskayaw_suspiria, minmay_temple_entry_wispy,
          nicolae_ossuary_entry_monument, sigmund_army, uniq_crazy_yiuf_cottage
D:6:      layout_basic, nzn_wu_jian_contemplation, jmf_multi_god_temple,
          nrook_uturn, uniq_grinder
D:7:      layout_loops_ring, serial_shops, nicolae_shop_waterfront
D:8:      layout_loops_ring, lair_entry_dummy, serial_shops, shop,
          minmay_radiant

Skill      XL: |  1  2  3  4  5  6  7  8  9 |
---------------+----------------------------+-----
Long Blades    | 4 5 6 7 8 |  8.6
Dodging        | 4 5 |  5.5
Invocations    | 1 2 3 4 5 |  5.8
Armour         | 2 4 6 |  6.4
Fighting       | |  3.2
Stealth        | |  2.0

Action                   |  1- 3 |  4- 6 |  7- 9 || total
-------------------------+-------+-------+-------++-------
Melee: Falchion          |    84 |   109 |   239 ||   432
       Punch             |       |       |     3 ||     3
       Headbutt          |       |       |    37 ||    37
       Great sword       |       |       |    46 ||    46
  Use: Scroll            |     6 |     6 |     3 ||    15
       Potion            |       |     4 |    14 ||    18
 Stab: Sleeping          |     2 |       |       ||     2
Armor: Robe              |    13 |       |       ||    13
       Ring mail         |    14 |    30 |   115 ||   159
       Steam dragon scal |       |       |    24 ||    24
Dodge: Dodged            |    74 |    74 |   293 ||   441

Table legend: (Time is in decaauts)
 A = Elapsed time spent in this place.
 B = Non-inter-level travel time spent in this place.
 C = Inter-level travel time spent in this place.
 D = Time resting spent in this place.
 E = Time spent auto-exploring this place.
 F = Levels seen in this place.
 G = Mean time per level.
                   A        B        C        D        E       F      G
               +--------+--------+--------+--------+--------+-----+--------+
         Total |   9964 |   9658 |    306 |   2684 |   5626 |   9 | 1107.1 |
       Dungeon |   9083 |   8777 |    306 |   2432 |   5208 |   8 | 1135.4 |
       Ossuary |    881 |    881 |      0 |    252 |    418 |   1 |  881.0 |
               +--------+--------+--------+--------+--------+-----+--------+

Top non-repeatable levels by time:
     D:5: 2008 daAuts
     D:6: 1616 daAuts
     D:4: 1345 daAuts
     D:7: 1332 daAuts
     D:1: 933 daAuts
 Ossuary: 881 daAuts
     D:2: 849 daAuts
     D:3: 790 daAuts
     D:8: 207 daAuts
